 Dungeon Crawl Stone Soup version 0.29.0-5-ge4962eb29e (webtiles) character file.

Game seed: 4865455133802265479

15 Spectrina the Magician (level 2, 0/21 HPs)
             Began as a Djinni Venom Mage on Aug 28, 2022.
             Slain by Sigmund
             ... wielding a +0 scythe
              (10 damage)
             ... on level 2 of the Dungeon.
             The game lasted 00:01:55 (193 turns).

Spectrina the Magician (Djinni Venom Mage)           Turns: 193, Time: 00:01:55

Health: 0/21       AC:  2    Str:  7    XL:     2   Next: 65%
Gold:   41         EV: 12    Int: 16    God:
                   SH:  0    Dex: 13

rFire   + + .      SeeInvis .   b - +0 sling
rCold   x . .      Faith    .   (no shield)
rNeg    . . .      Spirit   .   a - +0 robe
rPois   ∞          Reflect  .   (no helmet)
rElec   .          Harm     .   (no cloak)
rCorr   .          Rampage  .   (no gloves)
Will    .....                   (boots unavailable)
Stlth   ++........              f - amulet of regeneration
HPRegen 0.87/turn               (no ring)
MPRegen 0.00/turn               (no ring)

@: flying
A: sickness immunity, fire resistance 2, cold vulnerability 1, float, innate
caster, HP casting, extra vitality 1
a: no special abilities


You were on level 2 of the Dungeon.
You visited 1 branch of the dungeon, and saw 2 of its levels.

You collected 41 gold pieces.

Inventory:

Hand Weapons
 b - a +0 sling (weapon)
Armour
 a - a +0 robe (worn)
Jewellery
 f - an amulet of regeneration (around neck)
Wands
 g - a wand of mindburst (17)
Scrolls
 d - a scroll of identify {unknown}
 e - a scroll of fear {unknown}
Potions
 c - a potion of haste {unknown}


   Skills:
 - Level 2.1 Dodging
 - Level 1.5 Stealth
 + Level 3.0 Spellcasting


You couldn't memorise any spells.
You knew the following spells:

 Your Spells              Type           Power      Damage    Failure   Level
a - Sting                 Tmut/Pois      48%        1d5       5%          1
c - Mephitic Cloud        Conj/Pois/Air  12%        N/A       16%         3
d - Olgreb's Toxic Radia  Pois           12%        N/A       47%         4
q - Poisonous Vapours     Pois/Air       24%        N/A       9%          2
Your spell library was empty.

Dungeon Overview and Level Annotations

Branches:
Dungeon (2/15)

Altars:

Annotations:
D:2 Jessica, Sigmund


Innate Abilities, Weirdness & Mutations

You are immune to sickness and miasma.
You are immune to poison.
Your flesh is very heat resistant. (rF++)
You are vulnerable to cold. (rC-)
You float through the air rather than walking.
You learn spells naturally, not from books.
Your magical power is your life essence.
You have superior vitality. (+4 MHP)


Message History

Unknown command.
Casting: Poisonous Vapours (safe; 9% risk of failure)
Confirm with . or Enter, or press ? or * to list all spells.
Aiming: Poisonous Vapours (safe; 9% risk of failure)
Press: ? - help, Dir - move target The spell fizzles.
Jessica shouts!
Jessica mumbles some strange words.
Jessica seems to speed up.
The giant cockroach closely misses you.
Unknown command.
Unknown command.
The goblin attacks as you move away! The goblin hits you with a +0 dagger.
The giant cockroach attacks as you move away!
The giant cockroach closely misses you.
The giant cockroach waves its antennae.
The goblin attacks as you move away! The goblin hits you with a +0 dagger.
The giant cockroach attacks as you move away!
The giant cockroach barely misses you.
The giant cockroach attacks as you move away!
The giant cockroach bites you but does no damage.
You kill the goblin!
The giant cockroach barely misses you. The giant cockroach bites you.
Jessica mumbles some strange words.
Jessica blinks!
The giant cockroach attacks as you move away!
The giant cockroach closely misses you.
Casting: Poisonous Vapours (safe; 9% risk of failure)
Confirm with . or Enter, or press ? or * to list all spells.
Aiming: Poisonous Vapours (safe; 9% risk of failure)
Press: ? - help, Dir - move target Poisonous vapours surround something!
The giant cockroach bites you but does no damage.
The giant cockroach barely misses you.
Casting: Poisonous Vapours (safe; 9% risk of failure)
Confirm with . or Enter, or press ? or * to list all spells.
Aiming: Poisonous Vapours (safe; 9% risk of failure)
Press: ? - help, Dir - move target Poisonous vapours surround something!
Something hits you!
You die...

#####
################...#
#<..........)....###
#.###[##...........#
#.# #.#########@####
... #†# #B# ......(#
#.# #...##.#####
#.####
##.###..#...####....#
#.# #..............#
#.# .$.......).#..#
..........###.#
.......#.## ##


You could see a giant cockroach.

Vanquished Creatures
  A dart slug (D:1)
  A ball python (D:1)
  A bat (D:1)
  A giant cockroach (D:2)
  A goblin (D:2)
  2 hobgoblins
  2 kobolds
  A frilled lizard (D:2)
  A rat (D:2)
11 creatures vanquished.

Notes
Turn   | Place    | Note
-------+----------+-------------------------------------------
     0 | D:1      | Spectrina the Djinni Venom Mage began the quest for the
                  | Orb.
     0 | D:1      | Spectrina set off with the following spells memorised:
                  | Sting, Poisonous Vapours, Mephitic Cloud, Olgreb's Toxic
                  | Radiance.
     0 | D:1      | Reached XP level 1. HP: 15/15 MP: 0/0
    85 | D:1      | Reached XP level 2. HP: 20/21 MP: 0/0
   172 | D:2      | Reached skill level 3 in Spellcasting
   179 | D:2      | Noticed Sigmund
   182 | D:2      | Noticed Jessica
   193 | D:2      | Slain by Sigmund

Illustrated notes

Levels and vault maps discovered:
D:1:      lightli_arrival_windingriver, layout_rooms, basic_ecumenical_altar
D:2:      layout_loops_ring, minmay_misc_feat_ornament, uniq_crazy_yiuf_cottage,
          uniq_sigmund, uniq_jessica

Skill      XL: |  1  2 |
---------------+-------+-----
Spellcasting   | 3 |  3.0
Dodging        | |  2.1
Stealth        | |  1.5

Action                   || total
-------------------------++-------
 Fire: Sling             ||     9
 Cast: Sting             ||     7
       Poisonous Vapours ||    16
Armor: Robe              ||     4
Dodge: Dodged            ||    10
